Map: Dash and Terminal LE (Void)

Players

Polt

  • Race: Protoss Protoss
  • League: Platinum

PAIN - Winner!

  • Race: Protoss Protoss
  • League: Master

Event: Lycan League Weekly August #3

VOD

Have the link to the VOD?

Description

Time

  • Played on: Aug. 17, 2015, 12:25 p.m.
  • Length: 8:40

All games in this series

Show
View Real Time Build Order
Export as new Build Order

Polt Protoss 

Build Orders: Oracle Opening, Blink Stalkers 

Get SALT Encoding   

  12  0:03  Probe  
  13  0:19  Pylon  
  13  0:20  Probe  
  14  0:37  Probe (Chrono Boost)  
  14  0:40  Gateway  
  15  0:49  Probe (Chrono Boost)  
  16  0:50  Assimilator  
  16  0:52  Assimilator  
  17  0:58  Probe (Chrono Boost)  
  17  1:06  Probe  
  18  1:17  Pylon  
  18  1:21  Probe  
  19  1:42  Cybernetics Core  
  19  1:44  Probe  
  20  1:56  Probe  
  21  2:07  Gateway  
  21  2:08  Probe  
  22  2:18  Stalker (Chrono Boost)  
  22  2:21  Mothership Core  
  22  2:22  Warp Gate (Chrono Boost)  
  25  2:46  Stargate  
  25  2:56  Stalker, Twilight Council  
  25  2:58  Probe  
  28  3:27  Pylon  
  28  3:32  Blink  
  28  3:45  Oracle (Chrono Boost)  
  28  3:48  Gateway  
  31  3:52  Gateway  
  31  4:07  Forge  
  31  4:19  Oracle (Chrono Boost)  
  31  4:23  Stalker  
  36  4:26  Pylon  
  36  4:27  Pylon  
  36  4:47  Photon Cannon  
  36  4:49  Oracle (Chrono Boost)  
  39  5:01  Stalker  
  40  5:13  Stalker  
  40  5:17  Stalker  
  38  5:29  Stalker  
  38  5:34  Stalker  
  42  5:55  Stalker  
  42  5:56  Stalker  
  42  6:09  Stalker  
  44  6:12  Stalker  
  40  6:30  Protoss Ground Weapons Level 1 (Chrono Boost)  
  40  6:31  Pylon  
  40  6:55  Pylon  
  40  7:18  Stalker  
  40  7:19  Stalker x3  
  39  7:56  Stalker  
  39  7:57  Stalker  
  41  8:00  Oracle (Chrono Boost)  
  41  8:05  Photon Cannon  
  41  8:18  Pylon  
Show
View Real Time Build Order
Export as new Build Order

PAIN Protoss - Winner!

Build Orders: Blink Stalkers 

Get SALT Encoding   

  12  0:01  Probe  
  13  0:15  Pylon  
  13  0:19  Probe  
  14  0:33  Probe (Chrono Boost)  
  15  0:37  Gateway  
  16  0:43  Probe (Chrono Boost)  
  16  0:45  Assimilator  
  16  0:50  Probe  
  16  0:53  Assimilator  
  17  1:03  Probe (Chrono Boost)  
  18  1:15  Probe (Chrono Boost)  
  18  1:17  Pylon  
  19  1:22  Probe (Chrono Boost)  
  20  1:33  Cybernetics Core  
  20  1:35  Probe  
  23  1:47  Zealot  
  23  1:50  Probe (Chrono Boost)  
  25  2:02  Probe (Chrono Boost), Pylon  
  25  2:11  Mothership Core (Chrono Boost)  
  25  2:13  Warp Gate  
  25  2:14  Stalker  
  29  2:24  Twilight Council  
  29  2:34  Probe  
  30  2:44  Zealot  
  31  2:53  Gateway x2  
  31  3:01  Blink (Chrono Boost)  
  31  3:13  Robotics Facility  
  31  3:20  Stalker  
  31  3:25  Probe  
  34  3:37  Probe  
  35  3:54  Probe  
  36  3:57  Nexus  
  36  4:01  Observer  
  37  4:14  Pylon  
  38  4:26  Observer  
  38  4:34  Stalker x3  
  42  4:41  Probe  
  43  4:54  Probe  
  44  5:01  Stalker  
  44  5:04  Pylon  
  46  5:22  Stalker  
  46  5:23  Stalker  
  46  5:24  Probe  
  49  5:30  Probe  
  50  5:36  Stalker  
  52  5:43  Stalker x2  
  52  6:01  Stalker  
  52  6:02  Stalker x2  
  55  6:25  Probe x2  
  57  6:29  Stalker x3  
  63  6:38  Dark Shrine  
  63  6:41  Pylon  
  63  6:46  Probe  
  64  6:50  Probe  
  64  6:52  Stalker  
  67  6:59  Probe  
  66  7:02  Probe  
  66  7:04  Pylon  
  67  7:27  Stalker x3  
  73  7:32  Gateway x2  
  67  7:51  Dark Templar  
  64  7:53  Zealot x2  
  67  7:58  Probe  
  67  7:59  Probe  
  67  8:01  Assimilator  
  67  8:02  Assimilator  
  67  8:05  Pylon  
  68  8:10  Probe  
  68  8:11  Stalker x2, Probe  
  73  8:38  Stalker x3  

Tags
 
Add a new tag
Caveats
  • Supply blocks, unpowered buildings, or Contaminate may cause inaccurate times.
  • Supply counts are checked every 10 seconds.